 Dungeon Crawl Stone Soup version 0.30-a0-802-gb92711bcdf (webtiles) character file.

Game seed: 2310923287774458102

114 Dittersdorf the Covered (level 4, -3/29 HPs)
             Began as a Gargoyle Fighter on Feb 23, 2023.
             Killed by divine providence
             ... invoked by an orc priest
              (13 damage)
             ... on level 3 of the Dungeon.
             The game lasted 00:02:48 (1845 turns).

Dittersdorf the Covered (Gargoyle Fighter)          Turns: 1845, Time: 00:02:49

Health: -3/29      AC: 16    Str: 22    XL:     4   Next: 98%
Magic:  4/4        EV:  7    Int:  8    God:
Gold:   138        SH:  4    Dex:  9    Spells: 3/3 levels left

rFire   . . .      SeeInvis .    a - +0 flail
rCold   . . .      Faith    .    c - +0 buckler
rNeg    + . .      Spirit   .    i - +0 chain mail
rPois   ∞          Reflect  .    q - +2 helmet
rElec   +          Harm     .    (no cloak)
rCorr   .          Rampage  .    (no gloves)
Will    .....                    (no boots) Stlth
                                 (no amulet)
HPRegen 0.24/turn                (no ring)
MPRegen 0.09/turn                (no ring)

@: no status effects
A: sickness immunity, AC +3, negative energy resistance 1, electricity
resistance, torment resistance 1, petrification resistance
a: no special abilities


You were on level 3 of the Dungeon.
You visited 1 branch of the dungeon, and saw 3 of its levels.

You collected 138 gold pieces.

Inventory:

Hand Weapons
 a - a +0 flail (weapon)
 p - the +1 mace "Iskewn" {pain, rN+ Int+6 Dex-4 SInv}
   (You found it on level 2 of the Dungeon)

   Int:       It affects your intelligence (+6).
   Dex:       It affects your dexterity (-4).
   rN:        It protects you from negative energy.
   SInv:      It lets you see invisible.
Armour
 c - a +0 buckler (worn)
 i - a +0 chain mail (worn)
 q - a +2 helmet (worn)
Scrolls
 b - 6 scrolls of identify {unknown}
 f - a scroll of vulnerability {unknown}
 k - a scroll of enchant armour {unknown}
 l - a scroll of teleportation {unknown}
 m - a scroll of enchant weapon {unknown}
Potions
 d - a potion of might
 e - a potion of curing {unknown}
 g - a potion of heal wounds {unknown}
 h - a potion of brilliance {unknown}
 j - a potion of flight {unknown}
 n - a potion of berserk rage {unknown}
 o - a potion of attraction {unknown}
 r - a potion of haste {unknown}
 s - a potion of degeneration {unknown}


   Skills:
 + Level 4.1 Fighting
 + Level 3.0 Maces & Flails
 + Level 4.1 Armour
 + Level 4.1 Shields


You had 3 spell levels left.
You didn't know any spells.
Your spell library contained the following spells:

 Spells                   Type           Power      Damage    Failure   Level
 Hailstorm                Conj/Ice       0%         3d3       100%        3
 Ice Form                 Ice/Tmut       0%         N/A       100%        4
 Simulacrum               Ice/Necr       0%         N/A       100%        6


Dungeon Overview and Level Annotations

Branches:
Dungeon (3/15)

Altars:

Shops:
D:1 (   D:2 *


Innate Abilities, Weirdness & Mutations

You are immune to sickness and miasma.
Your stone body is resilient. (AC +3)
You are immune to poison.
You resist negative energy. (rN+)
You are resistant to electric shocks. (rElec)
You are resistant to unholy torment.
You are immune to petrification.


Message History

You sock the worm!
You kill the worm!
The worm bites you but does no damage.
The orc priest invokes the aid of Beogh against you.
Beogh smites you!
A kobold comes into view. It is wielding a +0 whip.
Your Fighting skill increases to level 4!
You hit the orc wizard.
The orc wizard is heavily wounded.
The worm bites you but does no damage.
You sock the orc wizard!
You kill the orc wizard!
The worm bites you.
Your Maces & Flails skill increases to level 3!
You are too injured to fight recklessly!
You are too injured to fight recklessly!
You are too injured to fight recklessly!
You are too injured to fight recklessly!
You are too injured to fight recklessly!
You are too injured to fight recklessly!
You are too injured to fight recklessly!
You are too injured to fight recklessly!
You are too injured to fight recklessly!
You are too injured to fight recklessly!
You are too injured to fight recklessly!
You are too injured to fight recklessly!
You are too injured to fight recklessly!
You are too injured to fight recklessly!
You are too injured to fight recklessly!
The orc priest calls down the wrath of Beogh upon you.
Pain shoots through your body!
The giant cockroach bites you but does no damage.
The giant cockroach attacks as you move away!
You block the giant cockroach's attack.
You see here 6 gold pieces.
The giant cockroach attacks as you move away!
The giant cockroach barely misses you.
The orc priest invokes the aid of Beogh against you.
Beogh smites you!
You die...

#...............#
#............#... #.#.#
.........<# .. #.#.#
...K..... #. #.#.#
......# #. #.#.# o$o.
#.######.#.######.##.#.##
#.....†.....@B$oo.)......
#....##........ow....#.##
#..#.#################
##...# ##.## #.# #.# #.#
#.#


You could see a worm, 2 orc priests, an orc and a giant cockroach.

Vanquished Creatures
  An orc wizard (D:3)
  3 gnolls (D:3)
  An adder (D:2)
  3 worms
  A dart slug (D:1)
  4 ball pythons
  4 bats
  6 endoplasms
  3 giant cockroaches
  3 goblins (D:1)
  4 hobgoblins
  2 quokkas (D:1)
  3 frilled lizards
  2 kobolds (D:1)
  2 rats
42 creatures vanquished.

Notes
Turn   | Place    | Note
-------+----------+-------------------------------------------
     0 | D:1      | Dittersdorf the Gargoyle Fighter began the quest for the
                  | Orb.
     0 | D:1      | Reached XP level 1. HP: 14/14 MP: 1/1
   137 | D:1      | Found Kuwk's Weapon Emporium.
   162 | D:1      | Reached XP level 2. HP: 19/19 MP: 2/2
   846 | D:1      | Found a faded altar of an unknown god.
   897 | D:2      | Reached XP level 3. HP: 23/23 MP: 3/3
   912 | D:2      | Found Icyerph's Assorted Antiques.
  1104 | D:2      | Identified the +1 mace "Iskewn" {pain, rN+ Int+6 Dex-4
                  | SInv}
  1729 | D:3      | Reached XP level 4. HP: 13/29 MP: 4/4
  1845 | D:3      | Killed from afar by an orc priest

Illustrated notes

Levels and vault maps discovered:
D:1:      saegor_arrival_simple_a, layout_basic, serial_shops,
          nicolae_shop_crystal, hellmonk_ecumenical_altar_zigzags,
          grunt_decor_resistance
D:2:      layout_loops_ring, serial_shops, nicolae_shop_crystal
D:3:      layout_loops_ring, roderic_batcave

Skill      XL: |  1  2  3  4 |
---------------+-------------+-----
Armour         | 4 |  4.1
Shields        | 4 |  4.1
Fighting       | 4 |  4.1
Maces & Flails | 3 |  3.0

Action                     |  1- 3 |  4- 6 || total
---------------------------+-------+-------++-------
  Melee: Flail             |    71 |    14 ||    85
         Mace              |    40 |       ||    40
 Armour: Scale mail        |     2 |       ||     2
         Chain mail        |    67 |    12 ||    79
  Dodge: Dodged            |    35 |     8 ||    43
  Block: Buckler           |    22 |     3 ||    25

Table legend: (Time is in decaauts)
 A = Elapsed time spent in this place.
 B = Non-inter-level travel time spent in this place.
 C = Inter-level travel time spent in this place.
 D = Time resting spent in this place.
 E = Time spent auto-exploring this place.
 F = Levels seen in this place.
 G = Mean time per level.
                   A        B        C        D        E       F      G
               +--------+--------+--------+--------+--------+-----+--------+
         Total |   1882 |   1855 |     27 |    136 |   1373 |   3 |  627.3 |
       Dungeon |   1882 |   1855 |     27 |    136 |   1373 |   3 |  627.3 |
               +--------+--------+--------+--------+--------+-----+--------+

Top non-repeatable levels by time:
     D:1: 892 daAuts
     D:2: 705 daAuts
     D:3: 284 daAuts
